 Dungeon Crawl Stone Soup version 0.23.2-1-ga50397a6bc (webtiles) character file.

Game seed: 9909274166425674533

3584 Mrkan the Grappler (level 9, -5/92 HPs)
             Began as a Troll Monk on May 19, 2019.
             Was an Elder of Yredelemnul.
             Splashed by Maurice's acid (13 damage)
             ... on level 8 of the Dungeon.
             The game lasted 00:09:27 (5991 turns).

Mrkan the Grappler (Troll Monk)                     Turns: 5991, Time: 00:09:28

Health: -5/92      AC:  6    Str: 22    XL:     9   Next: 85%
Magic:  12/12      EV: 10    Int:  8    God:    Yredelemnul [****..]
Gold:   25         SH:  0    Dex: 12    Spells: 8/8 levels left

rFire    . . .     SeeInvis .     - Unarmed
rCold    . . .     Gourm    +   (no shield)
rNeg     . . .     Faith    .   a - +0 robe
rPois    .         Spirit   .   (helmet restricted)
rElec    .         Reflect  .   (no cloak)
rCorr    .         Harm     .   (gloves unavailable)
MR       .....                  (boots unavailable)
Stlth    ++........             (no amulet)
HPRegen  0.65/turn              (no ring)
MPRegen  0.13/turn              (no ring)

@: no status effects
A: large, unfitting armour, claws 3, fast metabolism 3, gourmand, regeneration
1, shaggy fur 1, tough skin 3
a: Recall Undead Slaves, Injury Mirror, Animate Dead, Drain Life, Renounce
Religion


You were on level 8 of the Dungeon.
You worshipped Yredelemnul.
Yredelemnul was greatly pleased with you.
You were not hungry.

You visited 1 branch of the dungeon, and saw 8 of its levels.

You collected 25 gold pieces.

Inventory:

Armour
 a - a +0 robe (worn)
Jewellery
 q - an uncursed ring of protection from magic {unknown}
 r - an uncursed ring of stealth {unknown}
 w - a +3 ring of dexterity {unknown}
 x - an uncursed amulet of harm {unknown}
 y - an uncursed ring of magical power {unknown}
Wands
 v - a wand of paralysis (10)
 B - a wand of scattershot (4)
Scrolls
 d - 2 scrolls of immolation {unknown}
 f - 3 scrolls of enchant weapon {unknown}
 i - 6 scrolls of teleportation {unknown}
 j - 4 scrolls of identify {unknown}
 k - 2 scrolls of amnesia {unknown}
 l - 4 scrolls of remove curse {unknown}
 n - 2 scrolls of enchant armour {unknown}
 t - a scroll of noise {unknown}
 C - a scroll of random uselessness {unknown}
Potions
 c - a potion of berserk rage {unknown}
 e - a potion of heal wounds
 g - 2 potions of curing {unknown}
 h - a potion of cancellation {unknown}
 o - 2 potions of haste {unknown}
 s - 3 potions of flight {unknown}
 z - a potion of degeneration {unknown}
 A - a potion of agility {unknown}
Comestibles
 b - 10 rations


   Skills:
 + Level 6.5 Fighting
 - Level 2.4 Dodging
 - Level 1.0 Stealth
 * Level 10.7 Unarmed Combat
 + Level 5.7 Invocations


You had 8 spell levels left.
You didn't know any spells.
Your spell library contained the following spells:

 Spells                   Type           Power        Failure   Level  Hunger
 Animate Skeleton         Necr           N/A          41%         1    ##.....
 Apportation              Tloc           #.....       41%         1    ##.....
 Confusing Touch          Hex            #.....       41%         1    ##.....
 Corona                   Hex            #......      41%         1    ##.....
 Magic Dart               Conj           #...         41%         1    ##.....
 Summon Small Mammal      Summ           #...         41%         1    ##.....
 Blink                    Tloc           N/A          54%         2    ###....
 Call Imp                 Summ           #.......     54%         2    ###....
 Slow                     Hex            #.......     54%         2    ###....
 Conjure Flame            Conj/Fire      #.......     78%         3    ####...
 Inner Flame              Hex/Fire       #.......     78%         3    ####...
 Mephitic Cloud           Conj/Pois/Air  #.......     78%         3    ####...
 Portal Projectile        Hex/Tloc       #.....       78%         3    ####...
 Cause Fear               Hex            #.........   99%         4    #####..
 Leda's Liquefaction      Hex/Erth       #.........   99%         4    #####..


Dungeon Overview and Level Annotations

Branches:
Dungeon (8/15)             Temple (0/1) D:5
   Lair: D:8-11

Altars:
Ashenzari
Dithmenos
Fedhas
Kikubaaqudgha
Nemelex Xobeh
Qazlal
Trog
Vehumet
Yredelemnul

Shops:
D:5 }

Annotations:
D:8 Maurice


Innate Abilities, Weirdness & Mutations

You are too large for most types of armour.
You have claws for hands.
Your metabolism is lightning-fast.
You like to eat raw meat.
Your natural rate of healing is unusually fast.
You are covered in fur. (AC +1)
You have extremely tough skin. (AC +3)


Message History

You hear some strange, mumbled words.
You see here a +0 whip.
Something hits you!
Something steals your tubular steel ring!
You barely miss something. Something hits you.
Something steals your large shield! Something blocks your attack.
Something hits you!
Something steals your metallic blue potion!
Something blocks your attack. Something blocks your attack. Something hits you!
* * * LOW HITPOINT WARNING * * *
Something steals 304 gold pieces!
You now have 25 gold pieces.
Something blocks your attack.
You hear a zap.
A bolt of acid appears from out of thin air!
The bolt of acid hits you!
* * * LOW HITPOINT WARNING * * *
You are splashed with acid!
You die...
Your body rises from the dead as a mindless zombie.

.......######))....# ####
.........†((.).....##.o{..
........p....(.....p.o.{o.
######............)##...##
#......p......# .#
#.............#
######.......###.###
..>..#........##{#
.....#........##@#
.....#.....)..##M# (.(..#
....##)# .....# #^..##.#
.....# #...##)# #######
.....# #...##.# #..z..#
.....# #...##.# #.###.#
.....# ######..#.# #.#<#z#
.....###.....#.#.#####.#z#.#


You could see a friendly mummy.

Vanquished Creatures
  A sky beast (D:5)
  A black bear (D:6)
  A phantom (D:4)
  4 ogres
  3 centaurs
  4 bullfrogs
  A scorpion (D:6)
  4 wights (D:6)
  3 crimson imps
  2 bullfrog zombies
  A centaur skeleton (D:5)
  A jelly (D:7)
  An orc priest (D:3)
  7 hounds
  Crazy Yiuf (D:4)
  2 iguanas
  8 orc wizards
  2 worker ants
  4 hound skeletons
  2 worker ant zombies (D:6)
  2 gnolls (D:8)
  6 adders
  A shadow imp (D:5)
  An ooze (D:3)
  2 adder skeletons
  3 worms
  6 leopard geckos
  21 orcs
  4 bats
  7 giant cockroaches
  11 goblins
  7 hobgoblins
  6 jackals (D:4)
  3 kobolds
  9 quokkas
  6 frilled lizards
  5 rats
153 creatures vanquished.

Vanquished Creatures (collateral kills)
  Harold (D:7)
  Pikel (D:8)
  A black bear (D:6)
  2 slaves (D:8)
  A phantom (D:6)
  An ogre (D:6)
  A big kobold (D:8)
  A gnoll sergeant (D:8)
  A wight (D:6)
  A bullfrog zombie (D:6)
  An iguana (D:6)
  A gnoll (D:8)
  A shadow imp (D:6)
  4 orcs
  3 kobolds (D:8)
21 creatures vanquished.

Vanquished Creatures (others)
  3 flying skulls
  A human (D:6)
  2 orcs (D:8)
  A giant cockroach (D:3)
7 creatures vanquished.

Grand Total: 181 creatures vanquished

Notes
Turn   | Place    | Note
-------+----------+-------------------------------------------
     0 | D:1      | Mrkan the Troll Monk began the quest for the Orb.
     0 | D:1      | Reached XP level 1. HP: 22/22 MP: 0/0
   529 | D:1      | Reached XP level 2. HP: 29/29 MP: 1/1
  1183 | D:2      | Reached XP level 3. HP: 36/36 MP: 2/2
  1210 | D:2      | Reached skill level 4 in Unarmed Combat
  1549 | D:2      | Reached XP level 4. HP: 40/45 MP: 3/3
  1880 | D:3      | Found a shadowy altar of Dithmenos.
  2180 | D:3      | Found a radiant altar of Vehumet.
  2212 | D:3      | Found a blossoming altar of Fedhas.
  2229 | D:3      | Reached skill level 5 in Unarmed Combat
  2229 | D:3      | Reached XP level 5. HP: 53/53 MP: 4/4
  2341 | D:3      | Found a basalt altar of Yredelemnul.
  2348 | D:3      | Became a worshipper of Yredelemnul the Dark
  2348 | D:3      | Reached * piety under Yredelemnul
  2348 | D:3      | Reached ** piety under Yredelemnul
  3025 | D:4      | Found a stormy altar of Qazlal.
  3303 | D:4      | Noticed a phantom
  3322 | D:4      | Killed a phantom
  3322 | D:4      | Reached XP level 6. HP: 42/62 MP: 5/5
  3330 | D:4      | Found a runed translucent door.
  3331 | D:4      | Noticed Crazy Yiuf
  3383 | D:4      | Killed Crazy Yiuf
  3383 | D:4      | Reached skill level 6 in Unarmed Combat
  3383 | D:4      | Reached skill level 1 in Invocations
  3434 | D:5      | Entered Level 5 of the Dungeon
  3449 | D:5      | Found Totiqix's Gadget Shop.
  3501 | D:5      | Found a staircase to the Ecumenical Temple.
  3501 | D:5      | Noticed a sky beast
  3528 | D:5      | Killed a sky beast
  3707 | D:5      | Reached *** piety under Yredelemnul
  3748 | D:5      | Reached XP level 7. HP: 31/70 MP: 7/7
  3963 | D:5      | Reached skill level 7 in Unarmed Combat
  4094 | D:6      | Found a bloodstained altar of Trog.
  4103 | D:6      | Received a gift from Yredelemnul (3 flying skulls)
  4121 | D:6      | Reached XP level 8. HP: 64/79 MP: 9/9
  4211 | D:6      | Reached skill level 8 in Unarmed Combat
  4227 | D:6      | Found an ancient bone altar of Kikubaaqudgha.
  4245 | D:6      | Found a shattered altar of Ashenzari.
  4391 | D:6      | Reached skill level 5 in Fighting
  4521 | D:6      | Found a sparkling altar of Nemelex Xobeh.
  4645 | D:6      | Reached **** piety under Yredelemnul
  4698 | D:7      | Reached skill level 9 in Unarmed Combat
  5133 | D:7      | Reached XP level 9. HP: 78/88 MP: 11/11
  5137 | D:7      | Noticed Harold
  5147 | D:7      | Killed Harold
  5164 | D:7      | Reached skill level 5 in Invocations
  5655 | D:8      | Reached skill level 10 in Unarmed Combat
  5678 | D:8      | Received a gift from Yredelemnul (a mummy)
  5903 | D:8      | Noticed Pikel
  5913 | D:8      | Killed Pikel
  5942 | D:8      | Noticed Maurice
  5991 | D:8      | Splashed by Maurice's acid

Skill      XL: |  1  2  3  4  5  6  7  8  9 |
---------------+----------------------------+-----
Unarmed Combat | 4 5 6 7 9 10 | 10.7
Fighting       | 3 4 5 6 |  6.5
Invocations    | 2 3 4 5 |  5.7
Dodging        | |  2.4
Stealth        | |  1.0

Action                   |  1- 3 |  4- 6 |  7- 9 || total
-------------------------+-------+-------+-------++-------
Melee: Unarmed           |    75 |   175 |   207 ||   457
       Punch             |       |     5 |     6 ||    11
  Use: Potion            |       |       |     1 ||     1
 Stab: Sleeping          |     1 |     3 |     2 ||     6
       Distracted        |       |       |     2 ||     2
  Eat: Chunk             |     6 |    15 |    20 ||    41
       Ration            |     1 |     2 |     1 ||     4
Armor: Robe              |    20 |    60 |    31 ||   111
Dodge: Dodged            |    33 |    86 |    85 ||   204
